 Dungeon Crawl Stone Soup version 0.31.0-11-ge490571c62 (webtiles) character file.

Game seed: 5528538130153038490

51 Tauromancer the Ruffian (level 3, 0/36 HPs)
             Began as an Octopode Shapeshifter on Feb 8, 2024.
             Slain by a gnoll
             ... wielding a +0 spear
              (5 damage)
             ... on level 2 of the Dungeon.
             The game lasted 00:03:47 (971 turns).

Tauromancer the Ruffian (Octopode Shapeshifter)      Turns: 971, Time: 00:03:48

Health: 0/36       AC: 21    Str: 15    XL:     3   Next: 81%
Magic:  3/3        EV:  2    Int: 12    God:
Gold:   27         SH:  0    Dex: 11    Spells: 2/2 levels left

rFire   . .          .
                       - Unarmed
rCold   . . .        (no shield)
rNeg    . . .        (helmet currently unavailable)
rPois   +            (no amulet)
rElec   .            (no ring)
rCorr   .            (no ring)
SInv    .            (no ring)
Will    .....        (no ring)
Stlth   ++           (no ring)
HPRegen 0.26/turn    (no ring)
MPRegen 0.08/turn    (no ring)
                     (no ring)

%: no passive effects
@: tree-form
A: stationary, stasis, torment immunity, boosted hp, almost no armour,
(amphibious), 8 rings, (camouflage 1), (gelatinous body 1), (nimble swimmer 1),
(tentacles)
a: no special abilities


You were on level 2 of the Dungeon.
You were a tree.
You visited 1 branch of the dungeon, and saw 2 of its levels.

You collected 27 gold pieces.

Inventory:

Talismans
 b - a beast talisman (active)
 c - a flux talisman
Scrolls
 d - a scroll of butterflies {unknown}
 e - a scroll of enchant armour {unknown}
 f - a scroll of revelation {unknown}
 g - a scroll of vulnerability {unknown}
 h - a scroll of torment {unknown}
 i - a scroll of teleportation


   Skills:
 + Level 1.9 Fighting
 - Level 2.1 Dodging
 + Level 2.0 Stealth
 + Level 3.4 Unarmed Combat
 + Level 3.3 Shapeshifting


You had 2 spell levels left.
You didn't know any spells.
Your spell library was empty.

Dungeon Overview and Level Annotations

Branches:
Dungeon (2/15)

Altars:


Innate Abilities, Weirdness & Mutations

You are a tree.
Your roots penetrate the ground, keeping you stationary.
You cannot be teleported.
You are immune to unholy pain and torment.
Your maximum health is greatly increased.
You cannot wear most types of armour.
((You are amphibious.))
You can wear up to eight rings at the same time.
((Your skin changes colour to match your surroundings (Stealth+).))
((Your rubbery body absorbs attacks. (AC +1, EV +1)))
((You are camouflaged when in or above water. (Stealth+)))
((You have tentacles for arms and can constrict up to eight enemies at once.))


Message History

The gnoll hits you but does no damage.
You cannot move.
You closely miss the adder.
The adder is moderately wounded.
You feel sick. The adder bites you but does no damage.
The goblin hits you but does no damage. The gnoll hits you but does no damage.
You hit the adder.
The adder is heavily wounded.
You feel sick. The adder barely misses you.
The goblin hits you but does no damage.
The gnoll hits you from afar with a +0 spear.
* * * LOW HITPOINT WARNING * * *
You miss the adder.
The adder is heavily wounded.
You feel sick.
You are no longer poisoned.
The adder bites you but does no damage. The goblin hits you but does no damage.
The adder bites you but does no damage.
You miss the adder.
The adder is heavily wounded.
The gnoll hits you but does no damage. The goblin hits you but does no damage.
The adder bites you but does no damage.
You miss the adder.
The adder is heavily wounded.
The gnoll completely misses you. The adder bites you but does no damage.
The goblin hits you but does no damage.
You barely miss the adder.
The adder is heavily wounded.
The gnoll hits you but does no damage. The adder bites you but does no damage.
The goblin hits you but does no damage.
You smack the adder!
You kill the adder!
The gnoll hits you but does no damage. The goblin hits you but does no damage.
Your Stealth skill increases to level 2!
You smack the goblin!
You kill the goblin!
The gnoll hits you but does no damage. The gnoll hits you but does no damage.
The gnoll hits you from afar with a +0 spear.
You die...

###........#.........##
#........#.#........#
#........#.#.#.....##.
#...............#.....
#........#.#..†......#
#).......###.........#
####....##............
#######.#.........#
#.#..♣......# #
#.).)...### #g..##..#
...... ..# ....... ...#
#.......## .##
#...#.... #.....###


You could see a gnoll.

Vanquished Creatures
  2 gnolls (D:2)
  An adder (D:2)
  4 bats
  2 endoplasms (D:1)
  A giant cockroach (D:2)
  2 goblins
  2 hobgoblins (D:1)
  A quokka (D:1)
  A ball python (D:1)
  2 frilled lizards
  2 kobolds (D:1)
  3 rats (D:1)
23 creatures vanquished.

Notes
Turn   | Place    | Note
-------+----------+-------------------------------------------
     0 | D:1      | Tauromancer the Octopode Shapeshifter began the quest for
                  | the Orb.
     0 | D:1      | Reached XP level 1. HP: 13/13 MP: 1/1
   332 | D:1      | Found a faded altar of an unknown god.
   338 | D:1      | Reached XP level 2. HP: 15/18 MP: 2/2
   551 | D:1      | Reached skill level 1 in Stealth
   893 | D:2      | Reached XP level 3. HP: 15/23 MP: 3/3
   971 | D:2      | Slain by a gnoll

Illustrated notes

Levels and vault maps discovered:
D:1:      amcnicky_arrival_flooded_fountain, layout_basic,
          hellmonk_ecumenical_altar_zigzags
D:2:      layout_basic, serial_shops, nicolae_shop_rolled_up

Skill      XL: |  1  2  3 |
---------------+----------+-----
Stealth        | 1 2 |  2.0
Fighting       | |  1.9
Dodging        | |  2.1
Unarmed Combat | |  3.4
Shapeshifting  | |  3.3

Action                     || total
---------------------------++-------
  Melee: Unarmed           ||    50
         Constrict         ||     7
         Tentacles         ||     7
    Use: Scroll            ||     2
         Potion            ||     1
   Stab: Sleeping          ||     4
 Armour: Skin              ||    41
  Dodge: Dodged            ||    28
   Form: Beast             ||     1
